Cogmind - Beta 16 @@@ ROGUE MODE // 2025.10.24 @ 12:12:09 Player: Not_Jesus8 Result: Self-destructed Performance ------------- Evolutions (1) 500 Regions Visited (2) 400 Robots Destroyed (25) 125 Value Destroyed (582) 582 Prototype IDs (0) 0 Alien Tech Used (0) 0 Bonus (16) 16 TOTAL SCORE: 1623 Bonus ------- High Alert Combat Kills 16 Cogmind --------- Core Integrity 400/400 Matter 62/300 Energy 100/100 System Corruption 0% Temperature Cool (2) Movement Rolling (90) Location -9/Materials Parts ------- > --- POWER (1) -------- (None) > --- PROPULSION (2) --- Armored Wheel Armored Wheel > --- UTILITY (4) ------ Small Storage Unit > --- WEAPON (2) ------- Grenade Launcher Rocket Launcher > --- INVENTORY (8) ---- Advanced Weight Redist. System Improved Terrain Scanner Melee Analysis Suite Melee Analysis Suite Melee Analysis Suite Reaction Control System Mining Claw Peak State ------------ > --- POWER ------------ Ion Engine > --- PROPULSION ------- Armored Wheel Armored Wheel > --- UTILITY ---------- Small Storage Unit Seismic Detector > --- WEAPON ----------- Light Assault Rifle Grenade Launcher > --- INVENTORY -------- Advanced Weight Redist. System Improved Terrain Scanner Melee Analysis Suite Melee Analysis Suite Melee Analysis Suite Reaction Control System Rocket Launcher Mining Claw [Rating: 11] Favorites ----------- Power Ion Engine Engine Ion Engine Propulsion Compact Wheel Wheel Compact Wheel Utility Small Storage Unit Device Seismic Detector Storage Small Storage Unit Weapon Light Assault Rifle Energy Gun EM Pulse Gun Ballistic Gun Light Assault Rifle Launcher Grenade Launcher Build | -11 -10 -9 ------- Run | Yrd Mat Mat Slots Evolved 2 | . . 2 Power . | . . . Propulsion . | . . . Utility 2 | . . 2 Weapon . | . . . Parts Attached 11 | 7 1 3 Power 1 | 1 . . Engine 1 | 1 . . Core . | . . . Reactor . | . . . Propulsion 4 | 2 . 2 Treads . | . . . Leg . | . . . Wheel 4 | 2 . 2 Hover . | . . . Flight . | . . . Utility 2 | 2 . . Device 1 | 1 . . Storage 1 | 1 . . Processor . | . . . Hackware . | . . . Protection . | . . . Artifact . | . . . Weapon 4 | 2 1 1 Energy Gun 1 | 1 . . Energy Cannon . | . . . Ballistic Gun 1 | 1 . . Ballistic Cannon . | . . . Launcher 2 | . 1 1 Special Weapon . | . . . Impact Weapon . | . . . Slashing Weapon . | . . . Piercing Weapon . | . . . Special Melee Weapon . | . . . Unidentified Prototypes . | . . . Parts Lost 3 | . . 3 Power 1 | . . 1 Propulsion . | . . . Utility 1 | . . 1 Weapon 1 | . . 1 Highest Loss Streak 2 | . . 2 To Critical Strikes . | . . . Average Backups 3 | . 2 7 Power . | . . . Propulsion . | . . . Utility 2 | . 1 5 Weapon . | . 1 1 Tool/Special . | . . . Unused Backups 8 | . . 8 Power . | . . . Propulsion . | . . . Utility 6 | . . 6 Weapon 1 | . . 1 Tool/Special 1 | . . 1 Average Slot Usage (%) 86 | . 100 77 Engine 12 | . 14 11 Wheel 24 | . 28 22 Device 12 | . 14 11 Storage 12 | . 14 11 Energy Gun 3 | . 8 . Ballistic Gun 11 | . 14 9 Launcher 9 | . 5 12 Peak Build Rating 11 | 7 7 11 Average Rating 7 | 5 6 9 On Entrance 4 | . 7 7 Avg Prop Armor Cover (%) . | . . . Naked Turns . | . . . Heaviest Build 18 | 14 15 18 Greatest Support 28 | 26 26 28 Greatest Overweight (x) . | . . . Average Overweight (x) . | . . . Largest Inventory Capacity 8 | 8 8 8 Average Capacity 7 | 7 8 8 Most Carried 8 | 1 4 8 Average Carried 3 | . 2 7 Final Capacity 8 | 8 8 8 Final Carried 7 | 1 3 7 Class Distribution -------------------- 100% | Mutant Dominant Class ---------------- Mutant | -10/Materials Mutant | -9/Materials Resources | -11 -10 -9 ----------- Run | Yrd Mat Mat Matter Collected 403 | 298 27 78 Remotely . | . . . Salvage Created 569 | 230 138 201 Parts 45 | 11 15 19 Haulers Intercepted . | . . . Recyclers Shooed . | . . . Parts Field Recycled . | . . . Retrieved Matter . | . . . Parts Self-Destructed . | . . . Prevented . | . . . Parts Restored . | . . . Kills | -11 -10 -9 ------- Run | Yrd Mat Mat Combat Hostiles Destroyed 17 | . 6 11 Guns 1 | . 1 . AOE 16 | . 5 11 Classes Destroyed 7 | 2 4 1 Tunneler 5 | 5 . . Recycler 1 | 1 . . Operator 1 | . 1 . Watcher 1 | . 1 . Swarmer 7 | . 3 4 Grunt 7 | . 3 4 Sentry 3 | . . 3 Best Kill Streak 8 | 2 8 4 Combat Bots Only 6 | . 6 4 Max Kills in Single Turn 2 | 1 2 2 Gunslinging . | . . . Exploded 2 | . 2 2 Melee . | . . . Uniques/NPCs Destroyed . | . . . Combat | -11 -10 -9 -------- Run | Yrd Mat Mat Hostile Shots Fired 50 | . 24 26 Missed 17 | . 11 6 Hits 33 | . 13 20 Projectile 33 | . 13 20 Critical Strikes 2 | . . 2 Damage Taken 461 | . 204 257 Core 36 | . 36 . Absorbed by Shields . | . . . Core Remaining (%) 92 | 100 85 . Volleys Fired 58 | 28 17 13 Largest 2 | 2 2 2 Hottest 63 | 60 60 63 Shots Fired 91 | 44 27 20 Gun 64 | 44 20 . Cannon . | . . . Launcher 27 | . 7 20 Special . | . . . Kinetic 38 | 28 10 . Thermal . | . . . Explosive 27 | . 7 20 Electromagnetic 26 | 16 10 . Robot Hit Streak 16 | 16 5 5 Robot Miss Streak 2 | 2 1 2 Penetration Max . | . . . Secondary Targets . | . . . Shots Hit Robots 64 | 36 16 12 Core Hits 42 | 11 13 18 Critical Kills . | . . . Critical Parts Destroyed . | . . . Critical Strikes . | . . . Melee Attacks . | . . . Impact . | . . . Slashing . | . . . Piercing . | . . . Sneak Attacks . | . . . Combat Hostiles . | . . . Follow-up Attacks . | . . . Damage Inflicted 1674 | 368 619 687 Guns 516 | 368 148 . Cannons . | . . . Explosions 1158 | . 471 687 Melee . | . . . Ramming . | . . . Kinetic 261 | 194 67 . Thermal . | . . . Explosive 1158 | . 471 687 Electromagnetic 255 | 174 81 . Impact . | . . . Slashing . | . . . Piercing . | . . . Highest Corruption 1 | . 1 . Average Corruption 1 | . 1 . Corruption Purged . | . . . Corruption Blocked . | . . . Effects 2 | . 2 . Data Loss (minor) 1 | . 1 . Data Loss (major) 1 | . 1 . Overload Shots . | . . . Overflow Damage 60 | . 43 17 Projectiles . | . . . Explosions 60 | . 43 17 Melee . | . . . Knockbacks . | . . . Impact . | . . . Kinetic . | . . . Secondary . | . . . Self-Inflicted Damage 90 | . 89 1 Shots 4 | . 3 1 Rammed . | . . . Targets Rammed . | . . . Kicked . | . . . Crushed . | . . . Highest Temperature 70 | 40 70 25 Average Temperature 20 | 17 29 8 Received Heat Transfer 147 | . 36 111 Siege Activations . | . . . Martial Activations . | . . . Shielding Activations . | . . . Robots Disrupted . | . . . Combat Hostiles . | . . . Robots Corrupted . | . . . Combat Hostiles . | . . . Parts Fried 2 | 2 . . Impact Corruptions . | . . . Robots Melted . | . . . Combat Hostiles . | . . . Parts Melted . | . . . Heat Transferred . | . . . Parts Sabotaged . | . . . Parts Stolen . | . . . Parts Stripped . | . . . Power Chain Reactions . | . . . Alert | -11 -10 -9 ------- Run | Yrd Mat Mat Maximum Alert Level 2 | . . 2 Low Security (%) 86 | 100 100 65 Level 1 9 | . . 24 Level 2 3 | . . 9 Level 3 . | . . . Level 4 . | . . . Level 5 . | . . . High Security . | . . . Max Security . | . . . Peak Influence 444 | 10 187 444 Initial 74 | . 6 74 Average 87 | 1 65 180 Influence Increases 735 | 30 207 498 Destroy 0b10 Robot/C 340 | . 120 220 Destroy 0b10 Robot/NC 40 | 30 10 . Destroy Leader 82 | . 32 50 Successful Hack 14 | . . 14 Disable Machine 60 | . 15 45 Destroy Structure 154 | . 30 124 Lose Combat Pursuer 45 | . . 45 Influence Decreases 303 | 20 40 243 Entered New Map 107 | . 4 103 Time Decay 166 | 20 36 110 Lost Part 30 | . . 30 Squads Dispatched 3 | . 2 1 Investigation 1 | . . 1 Extermination . | . . . Reinforcement 2 | . 2 . Assault . | . . . Garrison . | . . . Intercept . | . . . Searches Triggered . | . . . Construction Impeded . | . . . Haulers Reinforced . | . . . Active Scanning Responses . | . . . Cargo Convoy Interrupts . | . . . Stealth | -11 -10 -9 --------- Run | Yrd Mat Mat Distress Signals 2 | . 2 . Communications Jammed . | . . . Distress Signals . | . . . Times Spotted 27 | . 13 14 Peak Tracking Total 5 | . 5 4 Tactical Retreats 2 | . . 2 Traps | -11 -10 -9 ------- Run | Yrd Mat Mat Traps Triggered . | . . . Indirectly . | . . . Trap Hack Attempts . | . . . Triggered . | . . . Disarmed . | . . . Reprogrammed . | . . . Reused . | . . . Traps Extracted . | . . . Installed . | . . . Triggered . | . . . Machines | -11 -10 -9 ---------- Run | Yrd Mat Mat Machines Disabled 4 | . 1 3 Max in Single Turn 3 | . 1 3 Machines Repaired . | . . . Machines Dismantled . | . . . Machines Sabotaged . | . . . Overloaded Fab Kills . | . . . Hacking | -11 -10 -9 --------- Run | Yrd Mat Mat Machines Accessed 2 | . 1 1 Terminals 2 | . 1 1 Fabricators . | . . . Repair Stations . | . . . Recycling Units . | . . . Scanalyzers . | . . . Garrison Access . | . . . Total Hacks 4 | . 1 3 Successful 1 | . . 1 Failed 3 | . 1 2 Catastrophic 1 | . . 1 Database Lockouts . | . . . Manual 4 | . 1 3 Terminals 4 | . 1 3 Fabricators . | . . . Repair Stations . | . . . Recycling Units . | . . . Scanalyzers . | . . . Garrison Access . | . . . Terminal Hacks . | . . . Fabricator Hacks . | . . . Repair Station Hacks . | . . . Recycling Unit Hacks . | . . . Scanalyzer . | . . . Garrison Access Hacks . | . . . Unauthorized Hacks 1 | . . 1 Terminals 1 | . . 1 Botnet 1 | . . 1 Fabricators . | . . . Repair Stations . | . . . Recycling Units . | . . . Scanalyzers . | . . . Garrison Access . | . . . Data Cores Recovered . | . . . Used . | . . . Hacking Detections 2 | . 1 1 Full Trace Events 1 | . . 1 Feedback Events . | . . . Feedback Blocked . | . . . Robot Schematics Acquired . | . . . Robots Built . | . . . Authchips . | . . . Time . | . . . Total Robot Build Rating . | . . . Part Schematics Acquired . | . . . Parts Built . | . . . Authchips . | . . . Time . | . . . Total Part Build Rating . | . . . Part Studies Acquired . | . . . Parts Repaired . | . . . Time . | . . . Parts Recycled . | . . . Recycled Matter . | . . . Retrieved Matter . | . . . Retrieved Components . | . . . Parts Scanalyzed . | . . . Part Schematics Acquired . | . . . Parts Damaged . | . . . Bothacking | -11 -10 -9 ------------ Run | Yrd Mat Mat Used RIF Installer . | . . . Robots Hacked . | . . . Non-combat . | . . . Combat . | . . . Robot Hacks Applied . | . . . Relay Couplers Released . | . . . Fabnet Peak Effective % . | . . . Robots Rewired . | . . . Allies Hacked . | . . . Hacks Repelled . | . . . Allies | -11 -10 -9 -------- Run | Yrd Mat Mat Total Allies . | . . . Largest Group . | . . . Highest-Rated Group . | . . . Highest-Rated Ally . | . . . Total Orders . | . . . Ally Attacks . | . . . Total Damage . | . . . Kills . | . . . Allies Corrupted . | . . . Allies Melted . | . . . Intel | -11 -10 -9 ------- Run | Yrd Mat Mat Active Infowar (turns) 400 | 3 159 238 Seismic 400 | 3 159 238 Robot Analysis Total . | . . . Derelict Logs Recovered . | . . . Drone Launches . | . . . Drone Recoveries . | . . . Exploration | -11 -10 -9 ------------- Run | Yrd Mat Mat Turns Passed 617 | 219 159 239 Spaces Moved 493 | 158 123 212 Core 2 | 2 . . Treads . | . . . Legs . | . . . Wheels 491 | 156 123 212 Hover . | . . . Flight . | . . . Fastest Speed 50 | 50 90 90 Average Speed 89 | 89 90 90 Slowest Speed 100 | 100 90 100 Overloaded Moves . | . . . Propulsion Burnouts . | . . . Robots Hopped . | . . . Potential Cave-ins . | . . . Cave-ins Triggered . | . . . Exploration Rate (%) 18 | 6 22 28 Regions Visited 2 Branch Regions . Pre-discovered Areas . | . . . Known Exits Taken . | . . . Unknown Exits Taken 2 | 1 1 . Scrap Searched . | . . . Spaces Dug . | . . . Terrain Destroyed 170 | . 35 135 Melee . | . . . Projectile . | . . . AOE 170 | . 35 135 Terrain Rammed . | . . . Walls Destroyed . | . . . Machines Disabled . | . . . Actions | -11 -10 -9 --------- Run | Yrd Mat Mat Total 579 | 193 146 240 Wait 1 | . . 1 Move 491 | 157 122 212 Hop . | . . . Pick Up 10 | 1 3 6 Fast Attach 8 | 7 . 1 Attach 2 | . 1 1 Detach 1 | . 1 . Swap 4 | . 1 3 Drop 4 | . 1 3 Fire 58 | 28 17 13 Melee . | . . . Ram . | . . . Kick . | . . . Crush . | . . . Escape Stasis . | . . . Rewire . | . . . Trap . | . . . Miscellaneous . | . . . Route ------- -11/Scrapyard -10/Materials -9/Materials (discovered 3 exits: [*Min] / [*Sto x2]) History --------- Turn | Location | Event 20 | -11/Scrapyard | Discovered new exit (range 16) 220 | -11/Scrapyard | Entered Materials 334 | -10/Materials | Build established: Mutant 362 | -10/Materials | Discovered new exit (range 13) 379 | -10/Materials | Entered another Materials area 379 | -9/Materials | Evolved 2 slots: Utility x2 379 | -9/Materials | Discovered new exit (range 8) 438 | -9/Materials | Discovered new exit (range 8) 577 | -9/Materials | Discovered new exit (range 11) 618 | -9/Materials | Self-destructed Last Messages --------------- 00540_ S-10 Pest destroyed. 00544_ The unstable cave ceiling collapses. 00546_ Acquired 1 matter. 00577_ EXIT=FOUND 00581_ Lgt. Assault Rifle destroyed. [Achievement: There's More Where That Came From] 00587_ Critical hit (Burn: +37). 00587_ Y-45 Defender destroyed. 00595_ G-34 Mercenary destroyed. 00603_ Acquired 38 matter. 00606_ Acquired 39 matter. 00609_ U-05 Engineer lays Concrete. 00612_ G-34 Mercenary destroyed. 00613_ U-05 Engineer lays Concrete. 00613_ Ion Engine destroyed. 00614_ U-05 Engineer lays Concrete. 00616_ The unstable cave ceiling collapses. 00616_ U-05 Engineer lays Concrete. 00617_ Seismic Detector destroyed. 00618_ U-05 Engineer lays Concrete. Map ----- +----------------------------------------------------+ | ? ?# * # #???????# #??????????? | | ?? ?# "" """ # #???????# #??????????? | | ?? ?# " """""??# #???????#! #??????????? | | ?? ## "" [% ] """""??? ????????######??????????? | | ??# ## * """"???? ????????????????????????? | | ??# ## "" " """ ??? ????????????????????????? | | ??# ## """ T" # # ????????????????????????? | | ??+ + """ "" # # ????????????????????????? | | ??# # # # ????????????????????????? | | ??# ########/########## #?????????????????????? | | # ?????????????????????? | | + ^ ?????????????????????? | | # ?????????????????????? | | ??## #### ############ ?????????????????????? | | ???# #?## #??? #######??????????????? | | ???# #?# #??# # ???????????????? | | ???# #?# #### * ????????????????? | | ???# #?# ## """ ????????????????? | | ???# #? # """ " " [g !?????????????????? | | ???# ### = ?# """ "R" ??????????????????? | | ???# ## % ?# """ ???????????????????? | | ####+## ?## ????????????????????? | | # ! ?# ## # ##########+#?????????? | | """ ## ### ????????? | | """ # = ! * ????????? | | * """ + = !< u @ ????????? | | # w #########?????????????? | | """ ### ## ####?????????????????????? | | """ #?# ## ######????????????????????????? | | """ #?# ##### ##????????????????????????????? | | #?# #???# #?????????????????????????????? | | ########?#+#???# #?????????????????????????????? | | ???????????????# #?????????????????????????????? | | ???????????????# #?????????????????????????????? | | ???????????????# #?????????????????????????????? | | ???????????????# #?????????????????????????????? | | ???????????????# #?????????????????????????????? | | ???????????????# #?????????????????????????????? | | ???????????????+ +?????????????????????????????? | | ???????????????? #?????????????????????????????? | | ????????????????? ???????????????????????????????? | | ?????????????????????????????????????????????????? | | ?????????????????????????????????????????????????? | | ?????????????????????????????????????????????????? | | ?????????????????????????????????????????????????? | | ?????????????????????????????????????????????????? | | ?????????????????????????????????????????????????? | | ?????????????????????????????????????????????????? | | ?????????????????????????????????????????????????? | | ?????????????????????????????????????????????????? | +----------------------------------------------------+ Best States ------------- Heat Dissipation 28 Energy Generation 10 Energy Capacity 250 Matter Stores 300 Matter Capacity 300 Sight Range 16 Terrain Scan Density 10 Evasion (%) 42 Item Schematics ----------------- None Robot Schematics ------------------ None Fabricated ------------ Nothing Repaired ---------- Nothing Studied --------- None Alien Tech Used ----------------- None Achievements -------------- Resistances Are Futile There's More Where That Came From Challenges ------------ None Game ------ Seed ZioniteHeartMinigun Manual? 0 Play Time 00:08:42 Cumulative 11.6 hours Start 2025.10.24 @ 11:58:27 End 2025.10.24 @ 12:12:09 Sessions 3 Manual Loads 0 Difficulty Rogue Special Mode None Game No. 18 Rogue 18 Adventurer 0 Explorer 0 Win Type - Total 1 Types 1/0/0/0/0/0/0/0/0/0 Lore% 29 Gallery% 19 Achievement% 15 Wizard Run 0 Options --------- Layout 1 ASCII 0 Keyboard 1 Movement Arrows Keybinds 0 Fullscreen 1 Font 24/Smallcaps Map View 50x35 Zoom Use 0% Tactical HUD 1 Map Filters NONE Filters NONE Steam 1 RUN: ac45e482-3289-4ebe-b7e6-fb7dd1d40fe0